 Dungeon Crawl Stone Soup version 0.25-a0-949-gdd2af9e06e (webtiles) character file.

Game seed: 11741821912481325200, levelgen mode: deterministic

7359 Gwenloh the Carver (level 11, -7/84 HPs)
             Began as a Human Fighter on May 7, 2020.
             Was a Priest of Zin.
             Splashed by an oklob plant's acid (15 damage)
             ... on level 1 of the Lair of Beasts on May 8, 2020.
             The game lasted 00:50:24 (13428 turns).

Gwenloh the Carver (Human Fighter)                 Turns: 13428, Time: 00:50:26

Health: -7/84      AC:  0    Str: 17    XL:     11   Next: 35%
Magic:  14/14      EV: 15    Int: 11    God:    Zin [***...]
Gold:   379        SH: 16    Dex: 16    Spells: 10/10 levels left

rFire    x . .     SeeInvis .   a - +2 long sword (vorpal)
rCold    + . .     Gourm    .   c - +0 kite shield
rNeg     . . .     Faith    .   L - +2 steam dragon scales
rPois    ∞         Spirit   .   w - +0 helmet
rElec    .         Reflect  +   (no cloak)
rCorr    .         Harm     .   (no gloves)
MR       .....                  C - +0 pair of boots
Stlth    +.........             V - +5 amulet of reflection
HPRegen  0.24/turn              p - ring of flight
MPRegen  0.14/turn              A - ring of ice

@: vitalised, corroded
A: no striking features
a: Recite, Vitalisation, Imprison, Donate Gold, Renounce Religion, Evoke Flight


You were on level 1 of the Lair of Beasts.
You worshipped Zin.
Zin was most pleased with you.
You were not hungry.

You visited 3 branches of the dungeon, and saw 11 of its levels.

You collected 733 gold pieces.
You spent 312 gold pieces at shops.
You donated 42 gold pieces to Zin.

Inventory:

Hand Weapons
 a - a +2 vorpal long sword (weapon)
 b - a +0 hunting sling
 o - a +2 vorpal flail
 T - the +3 short sword "Cioloc" {vorpal, +Rage rF+}
   (You found it on level 9 of the Dungeon)

   It inflicts extra damage upon your enemies.
   It protects you from fire.
   It lets you go berserk.
Missiles
 e - 182 stones
 x - 4 boomerangs (quivered)
Armour
 c - a +0 kite shield (worn)
 m - a +0 scale mail
 n - a +0 plate armour
 w - a +0 helmet (worn)
 C - a +0 pair of boots (worn)
 H - a +0 troll leather armour
 K - a +3 scale mail of cold resistance
 L - +2 steam dragon scales (worn)
 M - a +0 chain mail
Jewellery
 p - a ring of flight (left hand)
 A - a ring of ice (right hand)
 B - an uncursed amulet of guardian spirit
 F - the amulet "Enkapam" {RegenMP rF+}
   (You found it on level 9 of the Dungeon)

   [amulet of magic regeneration]

   It increases your magic regeneration.
   It protects you from fire.
 V - a +5 amulet of reflection (around neck)
Wands
 U - a wand of iceblast (3)
Scrolls
 d - a scroll of amnesia
 g - 3 scrolls of remove curse
 j - 6 scrolls of magic mapping
 k - 3 scrolls of blinking
 q - 8 scrolls of teleportation
 s - 2 scrolls of fear
 t - 4 scrolls of immolation
 y - a scroll of fog
 z - a scroll of noise
 N - a scroll of random uselessness {unknown}
 Q - a scroll of silence {unknown}
Potions
 h - a potion of mutation {unknown}
 l - 5 potions of curing
 r - 2 potions of invisibility
 u - a potion of haste {unknown}
 v - 3 potions of flight {unknown}
 D - 2 potions of stabbing {unknown}
 E - 2 potions of cancellation {unknown}
 G - a potion of resistance
 I - a potion of might
 O - a potion of lignification {unknown}
 P - a potion of degeneration {unknown}
 R - a potion of magic {unknown}
Comestibles
 f - 20 rations


   Skills:
 + Level 7.3 Fighting
 * Level 8.6 Long Blades
 + Level 7.4 Armour
 + Level 6.5 Dodging
 + Level 7.3 Shields
 + Level 4.2 Invocations
 + Level 4.3 Evocations


You had 10 spell levels left.
You didn't know any spells.
Your spell library was empty.

Dungeon Overview and Level Annotations

Branches:
Dungeon (9/15)             Temple (1/1) D:6            Lair (1/6) D:9
    Orc (0/2) D:9

Altars:
Ashenzari
Cheibriados
Dithmenos
Elyvilon
Fedhas
Gozag
Hepliaklqana
Kikubaaqudgha
Makhleb
Nemelex Xobeh
Okawaru
Qazlal
Ru
Sif Muna
Trog
Uskayaw
Vehumet
Wu Jian
Xom
Yredelemnul
Zin
The Shining One

Shops:
D:5 !   D:6 !

Annotations:
Lair:1 exclusion: oklob plant


Message History

You hit the oklob plant but do no damage.
The oklob plant is almost destroyed.
The oklob plant spits acid at you. The splash of acid hits you!
The acid corrodes you!
You are splashed with acid!
* * * LOW HITPOINT WARNING * * *
You hit the oklob plant.
The oklob plant is almost destroyed.
The oklob plant spits acid at you. The splash of acid hits you!
* * * LOW HITPOINT WARNING * * *
You are splashed with acid!
* * * LOW HITPOINT WARNING * * *
You feel better.
You hit the oklob plant.
The oklob plant is almost destroyed.
The oklob plant spits acid at you. The splash of acid hits you!
Zin protects you from harm! The acid corrodes you!
You are splashed with acid!
You die...

## ###### #.#
#########.##.# #.
###.###...#.#.....#####...
##.........................
#.......#####..............
........##!.#..............
........##$P#...#..........
.........#@P#..............
...........................
#...........#..............
#........####..............
##......## #.#.............
##...... ###.............
##....# #....#........
##..# #..⌠.##.....#. ###
####.....÷....##


You could see an oklob plant.

Vanquished Creatures
  3 two-headed ogres
  Maggie (D:7)
  A spiny frog (Lair:1)
  Grinder (D:5)
  A troll (D:9)
  Sigmund (D:3)
  A wyvern (D:8)
  Menkaure (D:6)
  A water moccasin (Lair:1)
  A porcupine (Lair:1)
  3 phantoms
  2 sky beasts
  2 necrophages
  4 ogres
  5 centaurs
  A crocodile (Lair:1)
  2 big kobolds
  7 bullfrogs
  2 wyvern skeletons
  A scorpion (D:8)
  A howler monkey (D:8)
  3 crimson imps
  3 centaur zombies
  7 hounds
  4 orc priests
  A gnoll shaman (D:6)
  10 orc wizards
  A bullfrog skeleton (D:5)
  Terence (D:2)
  6 worker ants
  2 hound zombies
  Robin (D:2)
  6 gnolls
  3 adders
  2 shadow imps
  An ooze (D:2)
  3 adder skeletons
  A worm (D:2)
  3 dart slugs
  2 leopard geckos
  24 orcs
  A ball python (D:2)
  2 bat skeletons (D:2)
  7 giant cockroaches
  11 goblins
  13 hobgoblins
  7 jackals
  3 quokkas
  A ball python skeleton (D:2)
  A ball python zombie (D:2)
  6 bats
  4 frilled lizards
  17 kobolds
  2 leopard gecko skeletons
  3 quokka skeletons
  A quokka zombie (D:6)
  7 rats (D:1)
  A plant (Lair:1)
213 creatures vanquished.

Vanquished Creatures (others)
  A goblin (D:3)
  5 toadstools (D:3)
6 creatures vanquished.

Grand Total: 219 creatures vanquished

Notes
Turn   | Place    | Note
-------+----------+-------------------------------------------
     0 | D:1      | Gwenloh the Human Fighter began the quest for the Orb.
     0 | D:1      | Reached XP level 1. HP: 18/18 MP: 1/1
   252 | D:1      | Reached XP level 2. HP: 23/24 MP: 2/2
   634 | D:1      | Reached XP level 3. HP: 29/29 MP: 3/3
  1333 | D:2      | Noticed Terence
  1343 | D:1      | Reached skill level 1 in Dodging
  1645 | D:2      | Reached XP level 4. HP: 35/35 MP: 4/4
  1829 | D:2      | Killed Terence
  2027 | D:2      | Reached XP level 5. HP: 41/41 MP: 5/5
  2356 | D:3      | Noticed Robin
  2489 | D:2      | Killed Robin
  2652 | D:3      | Noticed Sigmund
  2688 | D:3      | Killed Sigmund
  2688 | D:3      | Reached skill level 3 in Long Blades
  2688 | D:3      | Reached XP level 6. HP: 23/48 MP: 6/6
  2848 | D:3      | Found a sacrificial altar of Ru.
  3443 | D:3      | Found a snail-covered altar of Cheibriados.
  3972 | D:4      | Noticed a phantom
  3983 | D:4      | Reached XP level 7. HP: 54/54 MP: 7/7
  5114 | D:5      | Entered Level 5 of the Dungeon
  5126 | D:5      | Reached skill level 4 in Long Blades
  5264 | D:5      | Noticed Grinder
  5295 | D:5      | HP: 1/55 [Grinder (5)]
  5296 | D:5      | Killed Grinder
  5296 | D:5      | Reached XP level 8. HP: 1/61 MP: 0/8
  5655 | D:5      | Found Mittymukets's Distillery.
  5663 | D:5      | Bought a potion of curing for 36 gold pieces
  5663 | D:5      | Bought a potion of resistance for 120 gold pieces
  5752 | D:5      | Reached skill level 5 in Armour
  5752 | D:5      | Reached skill level 5 in Shields
  5819 | D:5      | Reached skill level 5 in Fighting
  6725 | D:5      | Reached skill level 5 in Long Blades
  6725 | D:5      | Reached XP level 9. HP: 68/68 MP: 9/9
  7306 | D:6      | Found a basalt altar of Yredelemnul.
  7454 | D:6      | Found Vugazed's Distillery.
  7497 | D:6      | Bought a potion of heal wounds for 60 gold pieces
  7507 | D:6      | Bought a potion of invisibility for 96 gold pieces
  7596 | D:6      | Found a bloodstained altar of Trog.
  7649 | D:6      | Found a staircase to the Ecumenical Temple.
  7664 | Temple   | Entered the Ecumenical Temple
  7796 | Temple   | Became a worshipper of Zin the Law-Giver
  7796 | Temple   | Reached * piety under Zin
  7874 | D:6      | Noticed Menkaure
  7882 | D:6      | Killed Menkaure
  7882 | D:6      | Reached skill level 1 in Evocations
  8137 | D:6      | Found an opulent altar of Gozag.
  8231 | D:6      | Found a hazy altar of Hepliaklqana.
  8741 | D:7      | Noticed Maggie
  8763 | D:7      | Zin protects you from harm!
  8769 | D:7      | Killed Maggie
  8769 | D:7      | Reached skill level 6 in Long Blades
  8769 | D:7      | Reached skill level 5 in Dodging
  8769 | D:7      | Reached skill level 1 in Invocations
  9115 | D:7      | Found a sacrificial altar of Ru.
  9554 | D:8      | Reached ** piety under Zin
  9627 | D:8      | Reached XP level 10. HP: 58/76 MP: 9/11
  9738 | D:8      | Found a hide-covered altar of Uskayaw.
  9904 | D:8      | Reached skill level 7 in Long Blades
  9984 | D:8      | Noticed a two-headed ogre
 10017 | D:8      | Zin protects you from harm!
 10017 | D:8      | HP: 1/77 [two-headed ogre/+0 giant spiked club (16)]
 10018 | D:8      | Killed a two-headed ogre
 10452 | D:8      | Found a sparkling altar of Nemelex Xobeh.
 10455 | D:8      | Found an ancient bone altar of Kikubaaqudgha.
 10470 | D:8      | Found a shattered altar of Ashenzari.
 10815 | D:9      | Got a pitted zirconium amulet
 10817 | D:9      | Found an iron altar of Okawaru.
 11347 | D:9      | Found a staircase to the Orcish Mines.
 11410 | D:9      | Found a staircase to the Lair.
 11622 | D:9      | Noticed a two-headed ogre
 11639 | D:9      | Killed a two-headed ogre
 11639 | D:9      | Reached skill level 8 in Long Blades
 11639 | D:9      | Reached XP level 11. HP: 6/84 MP: 1/13
 12258 | D:9      | Got a crude short sword
 12331 | D:9      | Noticed a two-headed ogre
 12343 | D:9      | Killed a two-headed ogre
 12705 | D:9      | Identified the cursed +3 short sword "Cioloc" {vorpal,
                  | +Rage rF+} (You found it on level 9 of the Dungeon)
 12707 | D:9      | Identified the amulet "Enkapam" {RegenMP rF+} (You found it
                  | on level 9 of the Dungeon)
 12735 | Lair:1   | Entered Level 1 of the Lair of Beasts
 12736 | Lair:1   | Upgraded the game from 0.25-a0-942-g87a53962fc to
                  | 0.25-a0-949-gdd2af9e06e
 13136 | Lair:1   | Reached *** piety under Zin
 13157 | Lair:1   | Noticed an oklob plant
 13426 | Lair:1   | HP: 1/84 [acid (9)]
 13428 | Lair:1   | Zin protects you from harm!
 13428 | Lair:1   | Splashed by an oklob plant's acid

Levels and vault maps discovered:
D:1:      roderic_crossed_star, layout_basic, chequers_serial_rivers_micro_d,
          chequers_serial_rivers_micro_c, minmay_ruptured
D:2:      layout_basic, serial_undead, serial_undead_d, serial_undead_a,
          serial_undead_e, serial_undead_a, minmay_pentomino_v2, uniq_terence
D:3:      layout_basic, kennysheep_slug_shrine, minmay_gold_behind_fungi,
          lemuel_altar_in_water, uniq_robin, uniq_sigmund
D:4:      layout_rooms, wad_rectangle_vault
D:5:      layout_loops_ring, first_ration, serial_shops, shop_fountains,
          uniq_grinder
D:6:      layout_cave_pools, gammafunk_temple_overflow_forgotten,
          grunt_gozag_statues, minmay_temple_entry_grid, serial_shops,
          shop_statue, uniq_menkaure
D:7:      layout_loops_corners, nicolae_ru_path_of_blood, uniq_maggie
D:8:      layout_basic, grunt_temple_overflow_open, basic_altar
D:9:      layout_stronghold, nicolae_overflow_crystal_walls, lair_entry_dummy,
          orc_0_dummy
Temple:   dshaligram_water_room_temple
Lair:1:   minmay_guarded_unrand_snakebite, layout_cave_pods, grunt_megastairs_1,
          lemuel_fruit_tree, minmay_lair_oklob_chamber, lemuel_fruit_fields,
          uniq_urug

Skill      XL: |  1  2  3  4  5  6  7  8  9 10 11 |
---------------+----------------------------------+-----
Dodging        | 1 2 3 4 5 6 |  6.5
Fighting       | 4 5 6 7 |  7.3
Long Blades    | 3 4 5 6 8 |  8.6
Armour         | 4 5 6 7 |  7.4
Shields        | 4 5 6 7 |  7.3
Evocations     | 2 3 4 |  4.3
Invocations    | 1 3 4 |  4.2

Action                   |  1- 3 |  4- 6 |  7- 9 | 10-12 || total
-------------------------+-------+-------+-------+-------++-------
Melee: Long sword        |   137 |   154 |    94 |   316 ||   701
       Scimitar          |       |       |   323 |       ||   323
 Fire: Hunting sling     |       |    69 |    90 |    19 ||   178
Throw: Stone             |    13 |       |       |       ||    13
       Boomerang         |       |       |     1 |     1 ||     2
Invok: Recite            |       |       |     4 |     3 ||     7
       Vitalisation      |       |       |       |     5 ||     5
  Use: Potion            |       |     1 |     2 |     4 ||     7
       Scroll            |       |       |     7 |     7 ||    14
  Eat: Chunk             |     3 |     7 |    12 |     6 ||    28
       Ration            |       |       |     2 |     2 ||     4
Armor: Scale mail        |    60 |    59 |   110 |       ||   229
       Steam dragon scal |       |       |    10 |    68 ||    78
Dodge: Dodged            |    39 |    48 |   145 |   154 ||   386
Block: Kite shield       |    72 |   138 |   208 |   154 ||   572
       Reflection        |     1 |    11 |       |     1 ||    13
       Rpst.: Long sword |    12 |     5 |    13 |    44 ||    74
       Scimitar          |       |       |    38 |       ||    38

Table legend:
 A = Non-vault XP
 B = Vault XP
 C = Vault XP percentage of total XP
 D = Non-vault monster count
 E = Vault monster count
 F = Vault count percentage of total count
                 A         B        C        D         E       F
            +---------+---------+-------+---------+---------+-------
      Total |    8597 |    1917 |  18.2 |     180 |      33 |  15.5
            +---------+---------+-------+---------+---------+-------
        D:1 |      47 |       6 |  11.3 |      29 |       4 |  12.1
        D:2 |      67 |      73 |  52.1 |      18 |      13 |  41.9
        D:3 |      72 |     246 |  77.4 |      11 |       8 |  42.1
        D:4 |     300 |      33 |   9.9 |      14 |       2 |  12.5
        D:5 |    1138 |     309 |  21.4 |      20 |       1 |   4.8
        D:6 |     403 |     165 |  29.0 |      23 |       1 |   4.2
        D:7 |     397 |     424 |  51.6 |      15 |       1 |   6.2
        D:8 |    2837 |       0 |   0.0 |      23 |       0 |   0.0
        D:9 |    2741 |       0 |   0.0 |      21 |       0 |   0.0
     Lair:1 |     595 |     661 |  52.6 |       6 |       3 |  33.3
            +---------+---------+-------+---------+---------+-------
